AoeStats
← Alren

Arena

505601419Analyzed
1v1 RM · 21d ago on Sep 10, 2026· 80m 40s· 2 players
Game mode
Random Map
Map size
Tiny (2 player)
Population
200
Speed
Normal
Resources
Standard
Victory
Conquest
Starting age
Dark Age
Ending age
Imperial Age
RankedLock teamsTeams togetherTeam positionsShared explorationLock speedFull tech treeHidden civsTurbo modeCheats
Victory
Defeat
🇺🇸 Bohemians · United States
995
+14
🇬🇹 Poles · Guatemala
958
-14
Alren
5:22 Loom
10:05 Feudal Age
10:39 Double-Bit Axe
10:47 Stone Mining
10:45 Horse Collar
20:11 Castle Age
19:47 Wheelbarrow
19:08 Fletching
23:25 Bow Saw
23:57 Stone Shaft Mining
23:44 Bodkin Arrow
24:02 Forging
24:58 Gold Mining
26:43 Hand Cart
32:58 Imperial Age
30:16 Town Watch
30:51 Scale Mail Armor
30:58 Scale Barding Armor
32:48 Szlachta Privileges
33:58 Cavalier
35:24 Chain Barding Armor
35:40 Iron Casting
35:49 Husbandry
36:02 Bloodlines
38:07 Town Patrol
40:27 Bodkin Arrow
40:33 Padded Archer Armor
41:33 Blast Furnace
41:20 Elite Skirmisher
43:46 Bracer
44:02 Leather Archer Armor
47:06 Chemistry
46:27 Ballistics
49:03 Masonry
48:49 Murder Holes
55:28 Thumb Ring
65:36 Squires
72:09 Conscription
76:55 Elite Obuch
snake
10:28 Feudal Age
10:56 Double-Bit Axe
11:32 Horse Collar
18:03 Castle Age
17:17 Scale Mail Armor
19:07 Wheelbarrow
19:31 Bow Saw
20:30 Pikeman
21:11 Squires
22:20 Fervor
23:00 Chain Mail Armor
25:12 Loom
25:14 Town Watch
25:29 Crossbowman
32:17 Ballistics
33:20 Chemistry
34:31 Masonry
34:56 Arson
36:13 Fletching
37:19 Hand Cart
39:58 Forging
54:20 Imperial Age
51:51 Town Patrol
53:02 Treadmill Crane
53:18 Murder Holes
54:25 Houfnice
55:27 Siege Engineers
55:29 Bodkin Arrow
57:16 Onager
59:11 Architecture
58:32 Arrowslits
58:28 Halberdier
59:43 Plate Mail Armor
59:15 Bracer
59:51 Iron Casting
59:50 Plate Mail Armor
59:43 Wagenburg Tactics
59:03 Elite Hussite Wagon
60:04 Conscription
59:07 Elite Hussite Wagon
Connection lost

Rejoining the realm…

Still unreachable

The connection could not be restored.

Session expired

The server has moved on; the page needs a fresh start.